Vancouver Canucks vs Anaheim Ducks
Created - mercredi, 26 novembre 2025 at 19:00
Goals
|
| Vancouver Canucks |
0 |
2 |
3 |
5 |
| Anaheim Ducks |
1 |
0 |
3 |
4 |
|
Shots
|
| Vancouver Canucks |
6 |
7 |
14 |
27 |
| Anaheim Ducks |
13 |
3 |
10 |
26 |
|
1st period
1. Anaheim Ducks , Drake Batherson 6 (Sean Walker 2, J.T. Miller 12) at 15:18
Penalties :
No Penalty
2nd period
2. Vancouver Canucks , Mason Appleton 5 (David Kampf 6, Phillip Di Giuseppe 3) at 7:11
3. Vancouver Canucks , Elias Pettersson 7 (Brock Boeser 10, Matthew Knies 7) at 8:41
Penalties :
Travis Hamonic (VAN) for Roughing (Double Minor) at 10:56
3rd period
4. Anaheim Ducks , Cam Fowler 1 (Drake Batherson 5, Jordan Kyrou 8) at 2:05 (PP)
5. Anaheim Ducks , Brett Howden 4 (Jake Middleton 6, Cam Fowler 12) at 4:23
6. Vancouver Canucks , Brock Boeser 6 (Quinn Hughes 19, Elias Pettersson 7) at 6:54 (PP)
7. Vancouver Canucks , Wyatt Johnston 11 (Bo Horvat 14, Nate Schmidt 7) at 8:54
8. Vancouver Canucks , Quinn Hughes 4 (Wyatt Johnston 7, Jacob Markstrom) at 10:22 (PP)
9. Anaheim Ducks , Ivan Provorov 5 (Drake Batherson 6, J.T. Miller 13) at 16:27
Penalties :
Oliver Ekman-Larsson (VAN) for High sticking (Minor) at 1:51, Nick Paul (ANA) for Hooking (Minor) at 5:29, J.T. Miller (ANA) for Tripping (Minor) at 9:57
Goalie Stats
Jacob Markstrom (VAN), 22 saves from 26 shots - (0.846), W, 10-8-0, 60:00 minutes
Ilya Samsonov (ANA), 22 saves from 27 shots - (0.815), L, 4-3-2, 60:00 minutes
Players Stats for Vancouver Canucks
Player Name G A P +/- PIM S H SB GA TA FO MP PP MP PK MP
------------------------------------------------------------------------------------
Bo Horvat 0 1 1 1 0 1 0 0 0 0 6/12 15:38 0:00 1:49
Brock Boeser 1 1 2 -1 0 6 1 0 0 0 0/0 17:33 1:06 0:45
Cale Makar 0 0 0 -1 0 2 2 1 0 0 0/0 24:44 0:00 1:07
Casey Mittelstadt 0 0 0 1 0 1 0 0 0 0 0/0 16:20 0:44 1:52
Chris Tanev 0 0 0 -1 0 1 3 1 0 0 0/0 19:36 0:46 1:05
David Kampf 0 1 1 1 0 0 0 1 0 0 7/10 12:38 0:00 1:01
Elias Pettersson 1 1 2 -1 0 2 0 0 0 0 19/30 18:32 1:06 1:40
Mason Appleton 1 0 1 1 0 1 0 0 0 0 0/1 11:40 0:00 0:36
Matthew Knies 0 1 1 -1 0 0 1 0 0 0 0/1 16:48 1:06 0:00
Nate Schmidt 0 1 1 2 0 1 1 0 0 0 0/0 15:56 1:04 1:29
Oliver Ekman-Larsson 0 0 0 -1 2 3 3 3 0 0 0/0 19:14 1:04 1:14
Phillip Di Giuseppe 0 1 1 1 0 0 1 0 0 0 0/0 11:04 0:00 0:00
Pius Suter 0 0 0 -1 0 2 2 0 0 0 2/2 13:41 0:00 0:52
Quinn Hughes 1 1 2 -1 0 3 2 2 0 0 0/0 25:13 0:46 1:59
Thomas Novak 0 0 0 -1 0 0 0 0 0 0 6/16 13:33 0:44 0:00
Travis Hamonic 0 0 0 2 4 0 1 2 0 0 0/0 13:43 0:00 0:00
Vasily Podkolzin 0 0 0 -1 0 0 4 1 0 0 0/0 14:34 0:00 1:07
Wyatt Johnston 1 1 2 1 0 4 0 0 0 0 0/3 15:18 0:44 0:16
Players Stats for Anaheim Ducks
Player Name G A P +/- PIM S H SB GA TA FO MP PP MP PK MP
------------------------------------------------------------------------------------
Brendan Gallagher 0 0 0 -1 0 0 1 0 0 0 0/0 13:31 0:00 0:56
Brett Howden 1 0 1 -1 0 2 0 0 0 0 0/0 12:29 0:00 0:54
Brock McGinn 0 0 0 0 0 0 1 0 0 0 0/0 11:37 2:02 0:00
Brock Nelson 0 0 0 2 0 1 0 0 0 0 0/1 17:30 2:36 0:00
Cam Fowler 1 1 2 0 0 1 0 1 0 0 0/0 19:48 1:26 1:06
Chandler Stephenson 0 0 0 -1 0 2 0 0 0 0 10/18 19:43 2:36 0:56
Drake Batherson 1 2 3 2 0 5 1 0 0 0 0/0 17:11 1:37 0:00
Ivan Provorov 1 0 1 0 0 2 0 2 0 0 0/0 22:37 0:45 0:44
J.T. Miller 0 2 2 2 2 3 0 0 0 0 10/22 18:04 1:37 0:44
Jackson LaCombe 0 0 0 0 0 0 2 0 0 0 0/0 22:37 0:45 0:44
Jake Middleton 0 1 1 0 0 0 0 0 0 0 0/0 19:00 0:38 1:06
Jalen Chatfield 0 0 0 0 0 0 0 0 0 0 0/0 12:29 2:02 0:00
Jordan Kyrou 0 1 1 -1 0 6 0 0 0 0 0/1 17:18 1:37 0:00
Nick Paul 0 0 0 -1 2 1 1 0 0 0 7/15 13:02 0:00 0:10
Olen Zellweger 0 0 0 0 0 1 0 1 0 0 0/0 16:31 0:48 0:00
Rickard Rakell 0 0 0 -1 0 2 3 0 0 0 1/1 17:47 2:36 0:00
Sean Walker 0 1 1 0 0 0 0 2 0 0 0/0 15:43 0:00 0:00
Steven Lorentz 0 0 0 0 0 0 1 0 0 0 7/17 11:11 0:00 0:00
3 Stars
1 - Drake Batherson (ANA)
2 - Wyatt Johnston (VAN)
3 - Quinn Hughes (VAN)
Power Play
Vancouver Canucks - 2 on 2 Attempt(s) - 100.00%
Anaheim Ducks - 1 on 3 Attempt(s) - 33.33%
Penalty Kill
Vancouver Canucks - 2 on 3 Attempt(s) - 66.67%
- Score 0 goal in Penalty Kill
Anaheim Ducks - 0 on 2 Attempt(s) - 0.00%
- Score 0 goal in Penalty Kill
Team Stat
Vancouver Canucks - Hits : 21 - Faceoff Wins : 40 - Blocked Shots : 11 - Penalty Minutes : 6
Anaheim Ducks - Hits : 10 - Faceoff Wins : 35 - Blocked Shots : 6 - Penalty Minutes : 4
Official
Referees : TJ Luxmore and Kelly Sutherland
Linesman : Matt MacPherson and Devin Berg
Game Notes
No Game Note
Finance
Level 1 -- Attendance: 8110 (81.10%) -- Ticket Income $ 729 900
Level 2 -- Attendance: 1660 (83.00%) -- Ticket Income $ 124 500
Level 3 -- Attendance: 3367 (96.20%) -- Ticket Income $ 151 515
Level 4 -- Attendance: 1450 (100.00%) -- Ticket Income $ 43 500
Luxury Box -- Attendance: 50 (100.00%) -- Ticket Income $ 11 000
Game was played at the Honda Center.
Total Attendance: 14637 (86.10%)
Total Ticket Income: $ 1 060 415
Total Income: $ 1 060 415
Vancouver Canucks
5 vs 5 Forward
Center Left Wing Right Wing Time % Phy DF OF
1 Elias Pettersson Matthew Knies Brock Boeser 30 0 1 4
2 Bo Horvat Casey Mittelstadt Wyatt Johnston 26 1 1 3
3 Thomas Novak Vasily Podkolzin Pius Suter 24 1 2 2
4 David Kampf Phillip Di Giuseppe Mason Appleton 20 1 2 2
5 vs 5 Defense
Defense Defense Time % Phy DF OF
1 Cale Makar Chris Tanev 42 0 2 3
2 Oliver Ekman-Larsson Quinn Hughes 36 0 2 3
3 Nate Schmidt Travis Hamonic 22 1 2 2
4 Cale Makar Quinn Hughes 0 1 2 2
PowerPlay Forward
Center Left Wing Right Wing Time % Phy DF OF
1 Elias Pettersson Matthew Knies Brock Boeser 55 0 0 5
2 Wyatt Johnston Thomas Novak Casey Mittelstadt 45 0 1 4
PowerPlay Defense
Defense Defense Time % Phy DF OF
1 Chris Tanev Quinn Hughes 55 0 0 5
2 Oliver Ekman-Larsson Nate Schmidt 45 0 1 4
Penalty Kill 4 Players Forward
Center Wing Time % Phy DF OF
1 David Kampf Casey Mittelstadt 50 0 1 4
2 Elias Pettersson Vasily Podkolzin 50 0 4 1
Penalty Kill 4 Players Defense
Defense Defense Time % Phy DF OF
1 Nate Schmidt Chris Tanev 50 1 4 0
2 Oliver Ekman-Larsson Quinn Hughes 50 1 4 0
Penalty Kill - 3 Players Forward
Forward Time % Phy DF OF
1 David Kampf 55 0 5 0
2 Elias Pettersson 45 0 5 0
Penalty Kill - 3 Players Defense
Defense Defense Time % Phy DF OF
1 Cale Makar Chris Tanev 55 1 4 0
2 Oliver Ekman-Larsson Quinn Hughes 45 1 4 0
4 vs 4 Forward
Center Wing Time % Phy DF OF
1 Elias Pettersson Casey Mittelstadt 50 0 2 3
2 Thomas Novak Mason Appleton 50 0 2 3
4 vs 4 Defense
Defense Defense Time % Phy DF OF
1 Nate Schmidt Chris Tanev 50 0 3 2
2 Oliver Ekman-Larsson Quinn Hughes 50 0 3 2
Last Minutes Offensive
Center Left Wing Right Wing Defense Defense
Elias Pettersson Matthew Knies Brock Boeser Cale Makar Quinn Hughes
Last Minutes Defensive
Center Left Wing Right Wing Defense Defense
Elias Pettersson David Kampf Vasily Podkolzin Cale Makar Chris Tanev
Goaltenders
Starting : Jacob Markstrom
Backup : Spencer Martin
Extra Forwards
Normal : Bo Horvat, Elias Pettersson, Matthew Knies - PP : Elias Pettersson, Matthew Knies - PK : Mason Appleton
Extra Defensemen
Normal : Quinn Hughes, Oliver Ekman-Larsson, Nate Schmidt - PP : Quinn Hughes - PK : Oliver Ekman-Larsson, Travis Hamonic
Penalty Shots
Wyatt Johnston, Cale Makar, Elias Pettersson, Bo Horvat, Matthew Knies
Custom OT Lines Forwards
Elias Pettersson, Wyatt Johnston, Bo Horvat, Matthew Knies, Brock Boeser, Casey Mittelstadt, Thomas Novak, Vasily Podkolzin, Mason Appleton, David Kampf
Custom OT Lines Defensemen
Cale Makar, Quinn Hughes, Oliver Ekman-Larsson, Chris Tanev, Nate Schmidt
Scratches
Erik Brannstrom (Healthy), Jonah Gadjovich (Healthy)
Anaheim Ducks
5 vs 5 Forward
Center Left Wing Right Wing Time % Phy DF OF
1 J.T. Miller Drake Batherson Brock Nelson 30 1 2 2
2 Chandler Stephenson Rickard Rakell Jordan Kyrou 30 1 2 2
3 Nick Paul Brendan Gallagher Brett Howden 25 1 2 2
4 Steven Lorentz Brock McGinn Jalen Chatfield 15 1 2 2
5 vs 5 Defense
Defense Defense Time % Phy DF OF
1 Ivan Provorov Jackson LaCombe 30 1 2 2
2 Cam Fowler Jake Middleton 30 1 2 2
3 Sean Walker Olen Zellweger 25 1 2 2
4 Ivan Provorov Jackson LaCombe 15 1 2 2
PowerPlay Forward
Center Left Wing Right Wing Time % Phy DF OF
1 J.T. Miller Jordan Kyrou Drake Batherson 50 1 2 2
2 Brock Nelson Rickard Rakell Chandler Stephenson 50 1 2 2
PowerPlay Defense
Defense Defense Time % Phy DF OF
1 Ivan Provorov Jackson LaCombe 50 1 2 2
2 Cam Fowler Olen Zellweger 50 1 2 2
Penalty Kill 4 Players Forward
Center Wing Time % Phy DF OF
1 Chandler Stephenson Brendan Gallagher 50 1 2 2
2 Nick Paul Brett Howden 50 1 2 2
Penalty Kill 4 Players Defense
Defense Defense Time % Phy DF OF
1 Ivan Provorov Jackson LaCombe 50 1 2 2
2 Cam Fowler Jake Middleton 50 1 2 2
Penalty Kill - 3 Players Forward
Forward Time % Phy DF OF
1 Chandler Stephenson 50 1 2 2
2 Nick Paul 50 1 2 2
Penalty Kill - 3 Players Defense
Defense Defense Time % Phy DF OF
1 Ivan Provorov Jackson LaCombe 50 1 2 2
2 Cam Fowler Jake Middleton 50 1 2 2
4 vs 4 Forward
Center Wing Time % Phy DF OF
1 J.T. Miller Jordan Kyrou 50 1 2 2
2 Brock Nelson Drake Batherson 50 1 2 2
4 vs 4 Defense
Defense Defense Time % Phy DF OF
1 Ivan Provorov Jackson LaCombe 50 1 2 2
2 Cam Fowler Jake Middleton 50 1 2 2
Last Minutes Offensive
Center Left Wing Right Wing Defense Defense
J.T. Miller Brock Nelson Chandler Stephenson Ivan Provorov Jackson LaCombe
Last Minutes Defensive
Center Left Wing Right Wing Defense Defense
J.T. Miller Brock Nelson Chandler Stephenson Ivan Provorov Jackson LaCombe
Goaltenders
Starting : Ilya Samsonov
Backup : Frederik Andersen
Extra Forwards
Normal : Nick Paul, Brendan Gallagher, Brett Howden - PP : Nick Paul, Brendan Gallagher - PK : Brett Howden
Extra Defensemen
Normal : Jake Middleton, Cam Fowler, Sean Walker - PP : Sean Walker - PK : Jalen Chatfield, Sean Walker
Penalty Shots
J.T. Miller, Rickard Rakell, Brock Nelson, Chandler Stephenson, Drake Batherson
Custom OT Lines Forwards
J.T. Miller, Rickard Rakell, Brock Nelson, Chandler Stephenson, Drake Batherson, Jordan Kyrou, Nick Paul, Brendan Gallagher, Brett Howden, Steven Lorentz
Custom OT Lines Defensemen
Jackson LaCombe, Ivan Provorov, Cam Fowler, Olen Zellweger, Sean Walker
Scratches
Ryan Shea (Healthy), Marcus Hogberg (Healthy)
% Time on Ice - Vancouver Canucks
Lines # - Real PCT - Wanted PCT - Time Play
Normal Forward
1 - 29% - 30% - 15:42
2 - 26% - 26% - 13:44
3 - 24% - 24% - 12:49
4 - 21% - 20% - 11:04
Normal Defense
1 - 32% - 42% - 17:07
2 - 31% - 36% - 16:36
3 - 26% - 22% - 13:44
4 - 11% - 0% - 5:52
PP Forward
1 - 60% - 55% - 1:06
2 - 40% - 45% - 0:44
PP Defense
1 - 42% - 55% - 0:46
2 - 58% - 45% - 1:04
PK Forward
1 - 45% - 50% - 1:55
2 - 55% - 50% - 2:18
PK Defense
1 - 36% - 50% - 1:32
2 - 64% - 50% - 2:41
PK3 Forward
1 - 0% - 55%
2 - 0% - 45%
PK3 Defense
1 - 0% - 55%
2 - 0% - 45%
44 Forward
1 - 0% - 50%
2 - 0% - 50%
44 Defense
1 - 0% - 50%
2 - 0% - 50%
Last Minute Offensive - 0:00
Last Minute Defensive - 0:38
Total
Forward - 60:00
Defense - 60:00
|
% Time on Ice - Anaheim Ducks
Lines # - Real PCT - Wanted PCT - Time Play
Normal Forward
1 - 29% - 30% - 15:34
2 - 29% - 30% - 15:21
3 - 24% - 25% - 12:27
4 - 18% - 15% - 9:35
Normal Defense
1 - 28% - 30% - 14:46
2 - 33% - 30% - 17:16
3 - 30% - 25% - 15:43
4 - 10% - 15% - 5:12
PP Forward
1 - 38% - 50% - 1:37
2 - 62% - 50% - 2:36
PP Defense
1 - 66% - 50% - 2:47
2 - 34% - 50% - 1:26
PK Forward
1 - 51% - 50% - 0:56
2 - 49% - 50% - 0:54
PK Defense
1 - 40% - 50% - 0:44
2 - 60% - 50% - 1:06
PK3 Forward
1 - 0% - 50%
2 - 0% - 50%
PK3 Defense
1 - 0% - 50%
2 - 0% - 50%
44 Forward
1 - 0% - 50%
2 - 0% - 50%
44 Defense
1 - 0% - 50%
2 - 0% - 50%
Last Minute Offensive - 1:00
Last Minute Defensive - 0:00
Total
Forward - 60:00
Defense - 60:00
|
Play-by-Play
1st period
0:01 of 1st period - J.T. Miller wins face-off versus Elias Pettersson in neutral zone.
0:52 of 1st period - Shot by Casey Mittelstadt.
0:52 of 1st period - Shot Blocked by Ivan Provorov.
1:12 of 1st period - Shot by Wyatt Johnston.
1:12 of 1st period - Stopped by Ilya Samsonov with a rebound.
1:14 of 1st period - Shot by Wyatt Johnston.
1:14 of 1st period - Stopped by Ilya Samsonov without a rebound.
1:15 of 1st period - Rickard Rakell wins face-off versus Thomas Novak in Anaheim Ducks zone.
1:19 of 1st period - Off-side.
1:20 of 1st period - Nick Paul wins face-off versus David Kampf in neutral zone.
2:23 of 1st period - Shot by Pius Suter.
2:23 of 1st period - Shot Misses the Net.
3:30 of 1st period - Icing by Quinn Hughes.
3:31 of 1st period - Chandler Stephenson wins face-off versus Matthew Knies in Vancouver Canucks zone.
3:39 of 1st period - Icing by Quinn Hughes.
3:40 of 1st period - Steven Lorentz wins face-off versus Elias Pettersson in Vancouver Canucks zone.
3:47 of 1st period - Shot by Ivan Provorov.
3:47 of 1st period - Stopped by Jacob Markstrom with a rebound.
3:57 of 1st period - Shot by Steven Lorentz.
3:57 of 1st period - Shot Blocked by Oliver Ekman-Larsson.
4:07 of 1st period - Icing by Jalen Chatfield.
4:08 of 1st period - Steven Lorentz wins face-off versus Thomas Novak in Anaheim Ducks zone.
4:26 of 1st period - Icing by Nate Schmidt.
4:27 of 1st period - Thomas Novak wins face-off versus Chandler Stephenson in Vancouver Canucks zone.
5:12 of 1st period - Ivan Provorov is hit by Phillip Di Giuseppe and loses puck.
5:20 of 1st period - Off-side.
5:21 of 1st period - J.T. Miller wins face-off versus Bo Horvat in neutral zone.
5:48 of 1st period - Shot by J.T. Miller.
5:48 of 1st period - Deflect By Brock Nelson.
5:48 of 1st period - Stopped by Jacob Markstrom with a rebound.
6:13 of 1st period - Icing by Cale Makar.
6:14 of 1st period - Chandler Stephenson wins face-off versus Elias Pettersson in Vancouver Canucks zone.
6:14 of 1st period - Jordan Kyrou is hit by Chris Tanev and loses puck.
7:11 of 1st period - Shot by Brock McGinn.
7:11 of 1st period - Shot Blocked by David Kampf.
7:20 of 1st period - Shot by Brock McGinn.
7:20 of 1st period - Shot Misses the Net.
7:22 of 1st period - Shot by Olen Zellweger.
7:22 of 1st period - Stopped by Jacob Markstrom without a rebound.
7:23 of 1st period - Thomas Novak wins face-off versus Nick Paul in Vancouver Canucks zone.
7:28 of 1st period - Thomas Novak is hit by Nick Paul and loses puck.
7:50 of 1st period - Shot by Pius Suter.
7:50 of 1st period - Shot Misses the Net.
7:52 of 1st period - Shot by Quinn Hughes.
7:52 of 1st period - Stopped by Ilya Samsonov without a rebound.
7:53 of 1st period - J.T. Miller wins face-off versus Bo Horvat in Anaheim Ducks zone.
8:02 of 1st period - Shot by Quinn Hughes.
8:02 of 1st period - Stopped by Ilya Samsonov without a rebound.
8:03 of 1st period - Elias Pettersson wins face-off versus Chandler Stephenson in Anaheim Ducks zone.
8:26 of 1st period - Shot by Rickard Rakell.
8:26 of 1st period - Shot Misses the Net.
8:28 of 1st period - Shot by Chandler Stephenson.
8:28 of 1st period - Shot Misses the Net.
8:51 of 1st period - Icing by J.T. Miller.
8:52 of 1st period - J.T. Miller wins face-off versus Thomas Novak in Anaheim Ducks zone.
8:52 of 1st period - J.T. Miller is hit by Pius Suter.
8:58 of 1st period - Shot by Drake Batherson.
8:58 of 1st period - Deflect By J.T. Miller.
8:58 of 1st period - Stopped by Jacob Markstrom without a rebound.
8:59 of 1st period - Bo Horvat wins face-off versus Steven Lorentz in Vancouver Canucks zone.
9:28 of 1st period - Jalen Chatfield is hit by Quinn Hughes and loses puck.
10:11 of 1st period - Shot by Jordan Kyrou.
10:11 of 1st period - Stopped by Jacob Markstrom with a rebound.
10:17 of 1st period - Jordan Kyrou is hit by Pius Suter and loses puck.
10:50 of 1st period - Shot by J.T. Miller.
10:50 of 1st period - Shot Misses the Net.
10:54 of 1st period - Shot by Drake Batherson.
10:54 of 1st period - Stopped by Jacob Markstrom without a rebound.
10:55 of 1st period - Nick Paul wins face-off versus Elias Pettersson in Vancouver Canucks zone.
11:02 of 1st period - Shot by Brendan Gallagher.
11:02 of 1st period - Shot Misses the Net.
11:18 of 1st period - Shot by Brock Boeser.
11:18 of 1st period - Shot Misses the Net.
12:08 of 1st period - Shot by Drake Batherson.
12:08 of 1st period - Shot Blocked by Travis Hamonic.
12:10 of 1st period - Shot by Jackson LaCombe.
12:10 of 1st period - Shot Misses the Net.
12:12 of 1st period - Shot by J.T. Miller.
12:12 of 1st period - Stopped by Jacob Markstrom with a rebound.
12:42 of 1st period - Shot by Jordan Kyrou.
12:42 of 1st period - Stopped by Jacob Markstrom without a rebound.
12:43 of 1st period - David Kampf wins face-off versus Steven Lorentz in Vancouver Canucks zone.
12:43 of 1st period - Cale Makar is hit by Steven Lorentz and loses puck.
12:48 of 1st period - Shot by Jake Middleton.
12:48 of 1st period - Shot Misses the Net.
12:52 of 1st period - Shot by Jalen Chatfield.
12:52 of 1st period - Shot Misses the Net.
12:54 of 1st period - Shot by Brock McGinn.
12:54 of 1st period - Shot Misses the Net.
12:56 of 1st period - Shot by Brock McGinn.
12:56 of 1st period - Shot Misses the Net.
13:06 of 1st period - Shot by David Kampf.
13:06 of 1st period - Shot Misses the Net.
13:43 of 1st period - Shot by Rickard Rakell.
13:43 of 1st period - Stopped by Jacob Markstrom without a rebound.
13:44 of 1st period - Elias Pettersson wins face-off versus J.T. Miller in Vancouver Canucks zone.
13:59 of 1st period - Shot by Oliver Ekman-Larsson.
13:59 of 1st period - Stopped by Ilya Samsonov without a rebound.
14:00 of 1st period - Pius Suter wins face-off versus Nick Paul in Anaheim Ducks zone.
14:08 of 1st period - Icing by Ivan Provorov.
14:09 of 1st period - Nick Paul wins face-off versus Elias Pettersson in Anaheim Ducks zone.
14:24 of 1st period - Shot by Matthew Knies.
14:24 of 1st period - Shot Misses the Net.
14:42 of 1st period - Shot by Elias Pettersson.
14:42 of 1st period - Shot Misses the Net.
15:04 of 1st period - Shot by Rickard Rakell.
15:04 of 1st period - Stopped by Jacob Markstrom without a rebound.
15:05 of 1st period - J.T. Miller wins face-off versus Thomas Novak in Vancouver Canucks zone.
15:10 of 1st period - Shot by Drake Batherson.
15:10 of 1st period - Shot Misses the Net.
15:12 of 1st period - Shot by Sean Walker.
15:12 of 1st period - Shot Blocked by Travis Hamonic.
15:18 of 1st period - Shot by Drake Batherson.
15:18 of 1st period - Goal by Drake Batherson - Vancouver Canucks : 0 - Anaheim Ducks : 1.
15:19 of 1st period - Chandler Stephenson wins face-off versus Bo Horvat in neutral zone.
15:49 of 1st period - Shot by Jordan Kyrou.
15:49 of 1st period - Shot Misses the Net.
16:23 of 1st period - Sean Walker is hit by Vasily Podkolzin and loses puck.
16:47 of 1st period - Icing by Olen Zellweger.
16:48 of 1st period - David Kampf wins face-off versus J.T. Miller in Anaheim Ducks zone.
17:15 of 1st period - Shot by David Kampf.
17:15 of 1st period - Shot Misses the Net.
17:24 of 1st period - Icing by Jackson LaCombe.
17:25 of 1st period - Nick Paul wins face-off versus Elias Pettersson in Anaheim Ducks zone.
18:00 of 1st period - Shot by Brock Boeser.
18:00 of 1st period - Stopped by Ilya Samsonov without a rebound.
18:01 of 1st period - Chandler Stephenson wins face-off versus Thomas Novak in Anaheim Ducks zone.
18:14 of 1st period - Shot by Jordan Kyrou.
18:14 of 1st period - Stopped by Jacob Markstrom with a rebound.
18:24 of 1st period - Shot by Jordan Kyrou.
18:24 of 1st period - Shot Misses the Net.
18:30 of 1st period - Shot by Chandler Stephenson.
18:30 of 1st period - Stopped by Jacob Markstrom without a rebound.
18:31 of 1st period - Bo Horvat wins face-off versus J.T. Miller in Vancouver Canucks zone.
19:16 of 1st period - Brock McGinn is hit by Chris Tanev and loses puck.
19:46 of 1st period - Icing by Jalen Chatfield.
19:47 of 1st period - Elias Pettersson wins face-off versus Steven Lorentz in Anaheim Ducks zone.
Goals for this period are 0 for Vancouver Canucks vs 1 for Anaheim Ducks.
Shots for this period are 6 for Vancouver Canucks vs 13 for Anaheim Ducks.
2nd period
0:01 of 2nd period - Thomas Novak wins face-off versus Chandler Stephenson in neutral zone.
0:19 of 2nd period - Shot by Chandler Stephenson.
0:19 of 2nd period - Stopped by Jacob Markstrom without a rebound.
0:20 of 2nd period - J.T. Miller wins face-off versus David Kampf in Vancouver Canucks zone.
0:30 of 2nd period - Icing by Oliver Ekman-Larsson.
0:31 of 2nd period - David Kampf wins face-off versus Nick Paul in Vancouver Canucks zone.
0:36 of 2nd period - Quinn Hughes is hit by Brendan Gallagher and loses puck.
1:32 of 2nd period - Shot by Rickard Rakell.
1:32 of 2nd period - Deflect By Jordan Kyrou.
1:32 of 2nd period - Shot Misses the Net.
1:37 of 2nd period - Icing by Brock Boeser.
1:38 of 2nd period - Elias Pettersson wins face-off versus J.T. Miller in Vancouver Canucks zone.
1:57 of 2nd period - Icing by Cale Makar.
1:58 of 2nd period - Elias Pettersson wins face-off versus Steven Lorentz in Vancouver Canucks zone.
2:54 of 2nd period - Shot by Rickard Rakell.
2:54 of 2nd period - Shot Misses the Net.
3:09 of 2nd period - Chandler Stephenson is hit by Quinn Hughes and loses puck.
4:05 of 2nd period - Icing by Quinn Hughes.
4:06 of 2nd period - Nick Paul wins face-off versus Bo Horvat in Vancouver Canucks zone.
4:12 of 2nd period - Off-side.
4:13 of 2nd period - Bo Horvat wins face-off versus Steven Lorentz in neutral zone.
5:02 of 2nd period - Shot by Drake Batherson.
5:02 of 2nd period - Shot Blocked by Cale Makar.
5:12 of 2nd period - Shot by Brock Nelson.
5:12 of 2nd period - Shot Blocked by Chris Tanev.
5:46 of 2nd period - Shot by Brock Boeser.
5:46 of 2nd period - Shot Misses the Net.
5:48 of 2nd period - Shot by Travis Hamonic.
5:48 of 2nd period - Shot Blocked by Sean Walker.
5:50 of 2nd period - Shot by Nate Schmidt.
5:50 of 2nd period - Shot Misses the Net.
5:52 of 2nd period - Shot by Matthew Knies.
5:52 of 2nd period - Shot Blocked by Sean Walker.
5:54 of 2nd period - Shot by Matthew Knies.
5:54 of 2nd period - Shot Misses the Net.
5:56 of 2nd period - Shot by Nate Schmidt.
5:56 of 2nd period - Stopped by Ilya Samsonov without a rebound.
5:57 of 2nd period - Pius Suter wins face-off versus Chandler Stephenson in Anaheim Ducks zone.
6:26 of 2nd period - Pius Suter is hit by Rickard Rakell and loses puck.
7:11 of 2nd period - Shot by Mason Appleton.
7:11 of 2nd period - Goal by Mason Appleton - Vancouver Canucks : 1 - Anaheim Ducks : 1.
7:12 of 2nd period - Elias Pettersson wins face-off versus Steven Lorentz in neutral zone.
7:21 of 2nd period - Shot by Cale Makar.
7:21 of 2nd period - Stopped by Ilya Samsonov without a rebound.
7:22 of 2nd period - Elias Pettersson wins face-off versus Steven Lorentz in Anaheim Ducks zone.
7:35 of 2nd period - Shot by Brock Boeser.
7:35 of 2nd period - Stopped by Ilya Samsonov without a rebound.
7:36 of 2nd period - Chandler Stephenson wins face-off versus Bo Horvat in Anaheim Ducks zone.
7:40 of 2nd period - Jake Middleton is hit by Cale Makar and loses puck.
8:41 of 2nd period - Shot by Elias Pettersson.
8:41 of 2nd period - Goal by Elias Pettersson - Vancouver Canucks : 2 - Anaheim Ducks : 1.
8:42 of 2nd period - J.T. Miller wins face-off versus Mason Appleton in neutral zone.
9:47 of 2nd period - Shot by Brendan Gallagher.
9:47 of 2nd period - Deflect By Nick Paul.
9:47 of 2nd period - Shot Misses the Net.
10:05 of 2nd period - Shot by Pius Suter.
10:05 of 2nd period - Deflect By Thomas Novak.
10:05 of 2nd period - Shot Misses the Net.
10:54 of 2nd period - Brock McGinn is hit by Nate Schmidt and loses puck.
10:56 of 2nd period - Double Minor Penalty to Travis Hamonic for Roughing.
10:57 of 2nd period - Elias Pettersson wins face-off versus Chandler Stephenson in Vancouver Canucks zone.
11:43 of 2nd period - Drake Batherson is hit by Oliver Ekman-Larsson and loses puck.
12:17 of 2nd period - Icing by Jalen Chatfield.
12:18 of 2nd period - Elias Pettersson wins face-off versus Brock Nelson in Anaheim Ducks zone.
12:52 of 2nd period - Rickard Rakell is hit by Oliver Ekman-Larsson and loses puck.
13:16 of 2nd period - Quinn Hughes is hit by Rickard Rakell and loses puck.
13:31 of 2nd period - Chandler Stephenson is hit by Vasily Podkolzin and loses puck.
13:45 of 2nd period - Vasily Podkolzin is hit by Brock McGinn.
13:51 of 2nd period - Casey Mittelstadt is hit by Rickard Rakell and loses puck.
14:44 of 2nd period - Shot by J.T. Miller.
14:44 of 2nd period - Stopped by Jacob Markstrom without a rebound.
14:45 of 2nd period - Bo Horvat wins face-off versus J.T. Miller in Vancouver Canucks zone.
15:06 of 2nd period - Brock Boeser is hit by Jackson LaCombe and loses puck.
15:23 of 2nd period - Shot by Brock Boeser.
15:23 of 2nd period - Stopped by Ilya Samsonov with a rebound.
16:54 of 2nd period - Sean Walker is hit by Oliver Ekman-Larsson and loses puck.
17:14 of 2nd period - Steven Lorentz is hit by Travis Hamonic and loses puck.
17:29 of 2nd period - Shot by Brett Howden.
17:29 of 2nd period - Stopped by Jacob Markstrom without a rebound.
17:30 of 2nd period - Elias Pettersson wins face-off versus Chandler Stephenson in Vancouver Canucks zone.
17:50 of 2nd period - Jake Middleton is hit by Cale Makar and loses puck.
18:08 of 2nd period - Cam Fowler is hit by Brock Boeser and loses puck.
18:26 of 2nd period - Icing by Oliver Ekman-Larsson.
18:27 of 2nd period - Bo Horvat wins face-off versus J.T. Miller in Vancouver Canucks zone.
18:34 of 2nd period - Shot by Casey Mittelstadt.
18:34 of 2nd period - Stopped by Ilya Samsonov without a rebound.
18:35 of 2nd period - Thomas Novak wins face-off versus J.T. Miller in Anaheim Ducks zone.
18:59 of 2nd period - Shot by Pius Suter.
18:59 of 2nd period - Shot Misses the Net.
19:03 of 2nd period - Shot by Thomas Novak.
19:03 of 2nd period - Shot Misses the Net.
19:27 of 2nd period - Shot by Bo Horvat.
19:27 of 2nd period - Shot Blocked by Olen Zellweger.
19:37 of 2nd period - Shot by Sean Walker.
19:37 of 2nd period - Shot Blocked by Quinn Hughes.
19:41 of 2nd period - Shot by Brendan Gallagher.
19:41 of 2nd period - Shot Blocked by Quinn Hughes.
19:43 of 2nd period - Shot by Brendan Gallagher.
19:43 of 2nd period - Shot Blocked by Oliver Ekman-Larsson.
Goals for this period are 2 for Vancouver Canucks vs 0 for Anaheim Ducks.
Shots for this period are 7 for Vancouver Canucks vs 3 for Anaheim Ducks.
3rd period
0:01 of 3rd period - Chandler Stephenson wins face-off versus Elias Pettersson in neutral zone.
0:21 of 3rd period - Icing by Jackson LaCombe.
0:22 of 3rd period - Thomas Novak wins face-off versus Chandler Stephenson in Anaheim Ducks zone.
0:37 of 3rd period - Shot by Pius Suter.
0:37 of 3rd period - Stopped by Ilya Samsonov without a rebound.
0:38 of 3rd period - Bo Horvat wins face-off versus J.T. Miller in Anaheim Ducks zone.
1:01 of 3rd period - Shot by Bo Horvat.
1:01 of 3rd period - Stopped by Ilya Samsonov without a rebound.
1:02 of 3rd period - Elias Pettersson wins face-off versus Steven Lorentz in Anaheim Ducks zone.
1:17 of 3rd period - Shot by Cale Makar.
1:17 of 3rd period - Stopped by Ilya Samsonov without a rebound.
1:18 of 3rd period - Chandler Stephenson wins face-off versus Thomas Novak in Anaheim Ducks zone.
1:18 of 3rd period - Chandler Stephenson is hit by Vasily Podkolzin.
1:51 of 3rd period - Shot by Rickard Rakell.
1:51 of 3rd period - Deflect By Jordan Kyrou.
1:51 of 3rd period - Stopped by Jacob Markstrom without a rebound.
1:51 of 3rd period - Minor Penalty to Oliver Ekman-Larsson for High sticking.
1:52 of 3rd period - J.T. Miller wins face-off versus David Kampf in Vancouver Canucks zone.
2:03 of 3rd period - Shot by Drake Batherson.
2:03 of 3rd period - Shot Misses the Net.
2:05 of 3rd period - Shot by Cam Fowler.
2:05 of 3rd period - Goal by Cam Fowler - Vancouver Canucks : 2 - Anaheim Ducks : 2.
2:06 of 3rd period - Elias Pettersson wins face-off versus Steven Lorentz in neutral zone.
2:21 of 3rd period - Shot by Brock McGinn.
2:21 of 3rd period - Shot Misses the Net.
2:33 of 3rd period - Shot by Brock McGinn.
2:33 of 3rd period - Shot Hit the Post.
3:08 of 3rd period - Wyatt Johnston is hit by Drake Batherson and loses puck.
4:10 of 3rd period - Shot by Jordan Kyrou.
4:10 of 3rd period - Stopped by Jacob Markstrom without a rebound.
4:11 of 3rd period - Elias Pettersson wins face-off versus Nick Paul in Vancouver Canucks zone.
4:13 of 3rd period - Icing by Matthew Knies.
4:14 of 3rd period - Nick Paul wins face-off versus Elias Pettersson in Vancouver Canucks zone.
4:17 of 3rd period - Shot by Nick Paul.
4:17 of 3rd period - Shot Misses the Net.
4:19 of 3rd period - Shot by Cam Fowler.
4:19 of 3rd period - Shot Misses the Net.
4:23 of 3rd period - Shot by Brett Howden.
4:23 of 3rd period - Goal by Brett Howden - Vancouver Canucks : 2 - Anaheim Ducks : 3.
4:24 of 3rd period - David Kampf wins face-off versus Jordan Kyrou in neutral zone.
5:28 of 3rd period - Off-side.
5:29 of 3rd period - Elias Pettersson wins face-off versus Nick Paul in neutral zone.
5:29 of 3rd period - Minor Penalty to Nick Paul for Hooking.
5:30 of 3rd period - Elias Pettersson wins face-off versus J.T. Miller in Anaheim Ducks zone.
5:52 of 3rd period - Shot by Oliver Ekman-Larsson.
5:52 of 3rd period - Shot Blocked by Cam Fowler.
5:54 of 3rd period - Shot by Oliver Ekman-Larsson.
5:54 of 3rd period - Stopped by Ilya Samsonov with a rebound.
6:31 of 3rd period - Icing by Wyatt Johnston.
6:32 of 3rd period - Chandler Stephenson wins face-off versus Wyatt Johnston in Vancouver Canucks zone.
6:41 of 3rd period - Shot by Wyatt Johnston.
6:41 of 3rd period - Shot Misses the Net.
6:52 of 3rd period - Shot by Chris Tanev.
6:52 of 3rd period - Stopped by Ilya Samsonov without a rebound.
6:53 of 3rd period - Elias Pettersson wins face-off versus J.T. Miller in Anaheim Ducks zone.
6:54 of 3rd period - Shot by Quinn Hughes.
6:54 of 3rd period - Deflect By Brock Boeser.
6:54 of 3rd period - Goal by Brock Boeser - Vancouver Canucks : 3 - Anaheim Ducks : 3.
6:55 of 3rd period - Steven Lorentz wins face-off versus Thomas Novak in neutral zone.
6:57 of 3rd period - Brock McGinn is hit by Chris Tanev and loses puck.
7:24 of 3rd period - Shot by Pius Suter.
7:24 of 3rd period - Stopped by Ilya Samsonov without a rebound.
7:25 of 3rd period - J.T. Miller wins face-off versus Elias Pettersson in Anaheim Ducks zone.
8:54 of 3rd period - Shot by Wyatt Johnston.
8:54 of 3rd period - Goal by Wyatt Johnston - Vancouver Canucks : 4 - Anaheim Ducks : 3.
8:55 of 3rd period - David Kampf wins face-off versus Steven Lorentz in neutral zone.
9:09 of 3rd period - Icing by Olen Zellweger.
9:10 of 3rd period - Steven Lorentz wins face-off versus Thomas Novak in Anaheim Ducks zone.
9:39 of 3rd period - Shot by Vasily Podkolzin.
9:39 of 3rd period - Shot Misses the Net.
9:57 of 3rd period - Minor Penalty to J.T. Miller for Tripping.
9:58 of 3rd period - Elias Pettersson wins face-off versus Chandler Stephenson in Anaheim Ducks zone.
9:58 of 3rd period - Elias Pettersson is hit by Jackson LaCombe.
10:10 of 3rd period - Shot by Elias Pettersson.
10:10 of 3rd period - Shot Misses the Net.
10:12 of 3rd period - Shot by Elias Pettersson.
10:12 of 3rd period - Stopped by Ilya Samsonov without a rebound.
10:13 of 3rd period - Nick Paul wins face-off versus Wyatt Johnston in Anaheim Ducks zone.
10:22 of 3rd period - Shot by Quinn Hughes.
10:22 of 3rd period - Goal by Quinn Hughes - Vancouver Canucks : 5 - Anaheim Ducks : 3.
10:23 of 3rd period - Elias Pettersson wins face-off versus J.T. Miller in neutral zone.
10:38 of 3rd period - Shot by Drake Batherson.
10:38 of 3rd period - Stopped by Jacob Markstrom with a rebound.
10:48 of 3rd period - Jackson LaCombe is hit by Matthew Knies and loses puck.
10:55 of 3rd period - Shot by Brock Boeser.
10:55 of 3rd period - Stopped by Ilya Samsonov with a rebound.
11:15 of 3rd period - Shot by Wyatt Johnston.
11:15 of 3rd period - Shot Misses the Net.
11:29 of 3rd period - Shot by Wyatt Johnston.
11:29 of 3rd period - Stopped by Ilya Samsonov without a rebound.
11:30 of 3rd period - Thomas Novak wins face-off versus Nick Paul in Anaheim Ducks zone.
11:41 of 3rd period - Shot by Nick Paul.
11:41 of 3rd period - Stopped by Jacob Markstrom with a rebound.
11:43 of 3rd period - Shot by Cam Fowler.
11:43 of 3rd period - Shot Blocked by Vasily Podkolzin.
12:07 of 3rd period - Cam Fowler is hit by Vasily Podkolzin and loses puck.
13:18 of 3rd period - Shot by Brock Boeser.
13:18 of 3rd period - Stopped by Ilya Samsonov with a rebound.
13:20 of 3rd period - Shot by Oliver Ekman-Larsson.
13:20 of 3rd period - Stopped by Ilya Samsonov without a rebound.
13:21 of 3rd period - Steven Lorentz wins face-off versus Bo Horvat in Anaheim Ducks zone.
13:47 of 3rd period - Icing by Ivan Provorov.
13:48 of 3rd period - Steven Lorentz wins face-off versus Elias Pettersson in Anaheim Ducks zone.
14:16 of 3rd period - Shot by J.T. Miller.
14:16 of 3rd period - Shot Misses the Net.
14:24 of 3rd period - Shot by Drake Batherson.
14:24 of 3rd period - Stopped by Jacob Markstrom without a rebound.
14:25 of 3rd period - David Kampf wins face-off versus Nick Paul in Vancouver Canucks zone.
15:03 of 3rd period - Shot by Bo Horvat.
15:03 of 3rd period - Shot Misses the Net.
15:53 of 3rd period - Shot by Chandler Stephenson.
15:53 of 3rd period - Shot Misses the Net.
15:59 of 3rd period - Shot by Chandler Stephenson.
15:59 of 3rd period - Shot Misses the Net.
16:01 of 3rd period - Shot by Chandler Stephenson.
16:01 of 3rd period - Shot Misses the Net.
16:03 of 3rd period - Shot by Cam Fowler.
16:03 of 3rd period - Shot Blocked by Oliver Ekman-Larsson.
16:25 of 3rd period - Shot by Drake Batherson.
16:25 of 3rd period - Shot Misses the Net.
16:27 of 3rd period - Shot by Ivan Provorov.
16:27 of 3rd period - Goal by Ivan Provorov - Vancouver Canucks : 5 - Anaheim Ducks : 4.
16:28 of 3rd period - Steven Lorentz wins face-off versus Thomas Novak in neutral zone.
17:27 of 3rd period - Shot by Drake Batherson.
17:27 of 3rd period - Stopped by Jacob Markstrom without a rebound.
17:28 of 3rd period - Chandler Stephenson wins face-off versus Wyatt Johnston in Vancouver Canucks zone.
17:29 of 3rd period - Shot by Jordan Kyrou.
17:29 of 3rd period - Stopped by Jacob Markstrom without a rebound.
17:30 of 3rd period - Chandler Stephenson wins face-off versus Elias Pettersson in Vancouver Canucks zone.
17:57 of 3rd period - Shot by Chandler Stephenson.
17:57 of 3rd period - Shot Misses the Net.
18:41 of 3rd period - Icing by Jake Middleton.
18:42 of 3rd period - J.T. Miller wins face-off versus Thomas Novak in Anaheim Ducks zone.
18:44 of 3rd period - Icing by Drake Batherson.
18:45 of 3rd period - David Kampf wins face-off versus J.T. Miller in Anaheim Ducks zone.
19:11 of 3rd period - Shot by Mason Appleton.
19:11 of 3rd period - Shot Blocked by Ivan Provorov.
19:26 of 3rd period - Icing by Chandler Stephenson.
19:27 of 3rd period - Elias Pettersson wins face-off versus Nick Paul in Anaheim Ducks zone.
19:28 of 3rd period - Shot by Cale Makar.
19:28 of 3rd period - Shot Misses the Net.
Goals for this period are 3 for Vancouver Canucks vs 3 for Anaheim Ducks.
Shots for this period are 14 for Vancouver Canucks vs 10 for Anaheim Ducks.
Back to the Top